 Dungeon Crawl Stone Soup version 0.15.2 (webtiles) character file.

186 HiobMontag the Covered (level 5, -2/46 HPs)
             Began as a Hill Orc Fighter on Dec 10, 2014.
             Slain by an ogre
             ... wielding a +0 giant spiked club
              (25 damage)
             ... on Level 4 of the Dungeon.
             The game lasted 00:14:35 (2981 turns).

HiobMontag the Covered (Hill Orc Fighter)           Turns: 2981, Time: 00:14:35

HP  -2/46        AC  6     Str 20      XL: 5   Next: 66%
MP   5/5         EV  9     Int  8      God:
Gold 216         SH  9     Dex 10      Spells:  0 memorised,  4 levels left

rFire  . . .     SeeInvis .     m - +1 spear
rCold  + . .     Clarity  .     v - +3 leather armour
rNeg   . . .     rCorr    .     c - +0 shield
rPois  .         rRot     .     (no helmet)
rElec  .         Spirit   .     (no cloak)
SustAb .         Warding  .     (no gloves)
rMut   .         Stasis   .     (no boots)
Gourm  .                        (no amulet)
MR     .....                    (no ring)
                                j - ring of protection from cold

@: not resistant to hostile enchantments, very unstealthy
A: no striking features
a: no special abilities


You were on level 4 of the Dungeon.
You were not hungry.

You visited 1 branch of the dungeon, and saw 4 of its levels.

You collected 216 gold pieces.

Inventory:

Hand weapons
 a - a +0 trident
 m - a +1 spear (weapon)
Armour
 b - a +0 scale mail
 c - a +0 shield (worn)
 n - a cursed +0 large shield
 v - a +3 leather armour (worn)
 x - a +0 chain mail
Magical devices
 r - a wand of teleportation (0)
 y - a wand of fireball (2) {unknown}
Comestibles
 d - 3 meat rations
 s - a slice of pizza
 u - 2 bread rations
 C - a beef jerky
Scrolls
 h - a scroll of enchant weapon
 i - a scroll of enchant armour {unknown}
 k - 2 scrolls of fear
 o - 2 scrolls of remove curse
 q - 2 scrolls of fog {unknown}
 t - a scroll of blinking {unknown}
 w - a scroll of teleportation {unknown}
Jewellery
 j - a ring of protection from cold (left hand)
Potions
 e - a potion of might
 f - 3 potions of curing {unknown}
 g - 2 potions of cancellation {unknown}
 l - a potion of brilliance {unknown}
 p - 2 potions of resistance {unknown}
 A - 2 potions of berserk rage {unknown}
Books
 B - a book of Death

   Spells                             Type                      Level
   Corpse Rot                         Necromancy                   2
   Sublimation of Blood               Necromancy                   2
   Agony                              Necromancy                   5
   Dispel Undead                      Necromancy                   5
   Excruciating Wounds                Charms/Necromancy            5
   Bolt of Draining                   Conjuration/Necromancy       5


   Skills:
 + Level 4.2 Fighting
 + Level 3.5 Polearms
 + Level 4.5 Armour
 + Level 1.8 Dodging
 + Level 3.8 Shields


You had 4 spell levels left.
You didn't know any spells.

Dungeon Overview and Level Annotations

Branches:
Dungeon (4/15)
 Temple: D:4-7

Altars:
Qazlal
Xom

Annotations:
D:2 sigmund, Sigmund


Message History

You kill the rat!
No target in view!
An orc and an ogre come into view.
The orc shouts!
The ogre shouts!
You barely miss the ogre. You block the ogre's attack.
You barely miss the ogre. You puncture the ogre!
The ogre is moderately wounded.
The ogre hits you with a giant spiked club!
You hit the ogre.
The ogre is heavily wounded.
The ogre hits you with a giant spiked club!
You hit the ogre.
The ogre is severely wounded.
The ogre closely misses you.
You hit the ogre.
The ogre is almost dead.
The ogre hits you with a giant spiked club!!
Ouch! That really hurt!
You die...

..####..#####.##..##.#
.......######.###.##.#
#.#........##.# #.##.#
###.####..##..#.###..#.# #
#...# ##.###..)..##...#
..#####.#.###
#..###....###..#
.............# ##..###.>.#
#..#
#............#####...(...#
##.#
............oO@..........#
#.#
..............###...##....#
### ###..........#
#...##....#
..............###...##....#
###..........##...## ....
#..........#....#
##++######....### #....##
##....#


You could see an ogre and an orc.

Vanquished Creatures
  An orc wizard (D:3)
  Ijyb (D:2)
  3 adders
  4 worms
  An ooze (D:1)
  2 giant geckos
  9 orcs (D:3)
  7 bats
  14 goblins
  5 hobgoblins
  10 jackals
  7 kobolds
  2 quokkas
  4 giant cockroaches
  A giant newt (D:3)
  11 rats
82 creatures vanquished.

Notes
Turn   | Place    | Note
--------------------------------------------------------------
     0 | D:1      | HiobMontag, the Hill Orc Fighter, began the quest for the Orb.
     0 | D:1      | Reached XP level 1. HP: 19/19 MP: 1/1
    20 | D:1      | Found a shimmering altar of Xom.
    21 | D:1      | Found a shimmering altar of Xom.
    22 | D:1      | Found a shimmering altar of Xom.
    22 | D:1      | Found a shimmering altar of Xom.
    39 | D:1      | Reached XP level 2. HP: 20/27 MP: 2/2
   542 | D:2      | Reached XP level 3. HP: 26/33 MP: 3/3
   932 | D:2      | Reached skill level 4 in Armour
   978 | D:2      | Noticed Ijyb
  1075 | D:2      | Killed Ijyb
  1075 | D:2      | Reached XP level 4. HP: 37/40 MP: 4/4
  1195 | D:2      | Reached skill level 1 in Dodging
  1245 | D:2      | Found a stormy altar of Qazlal.
  1335 | D:2      | Noticed Sigmund
  1878 | D:2      | You fall through a shaft!
  1953 | D:3      | Reached XP level 5. HP: 33/46 MP: 5/5
  2964 | D:4      | Noticed an ogre
  2981 | D:4      | Slain by an ogre

Action                   |  1- 3 |  4- 6 || total
-------------------------+-------+-------++-------
Melee: Trident           |   112 |       ||   112
       Spear             |    36 |   269 ||   305
  Use: Scroll            |     1 |     5 ||     6
       Potion            |       |     2 ||     2
  Eat: Chunk             |     1 |     6 ||     7
